 Dungeon Crawl Stone Soup version 0.21-a0-519-gb765982 (webtiles) character file.

63 EazyBreezy the Shield-Bearer (level 4, -1/37 HPs)
             Began as a Formicid Fighter on Dec 4, 2017.
             Slain by a goblin
             ... wielding a +0 club
             ... led by Robin
              (7 damage)
             ... on level 2 of the Dungeon.
             The game lasted 00:03:18 (613 turns).

EazyBreezy the Shield-Bearer (Formicid Fighter)      Turns: 613, Time: 00:03:18

Health: -1/37      AC:  7    Str: 26    XL:     4   Next: 31%
Magic:  4/4        EV:  8    Int:  7    God:
Gold:   23         SH: 10    Dex: 11    Spells: 3/3 levels left

rFire    . . .     SeeInvis +   a - +0 long sword
rCold    . . .     Gourm    .   c - +0 shield
rNeg     . . .     Faith    .   b - +0 scale mail
rPois    .         Spirit   .   (helmet unavailable)
rElec    .         Reflect  .   (no cloak)
rCorr    .         Harm     .   (no gloves)
MR       .....                  (no boots)
Stlth    ..........             (no amulet)
HPRegen  0.12/turn              (no ring)
MPRegen  0.09/turn              (no ring)

@: mighty, flying (expiring)
A: permanent stasis, dig shafts and tunnels, four strong arms, antennae 3
a: Dig, Shaft Self


You were on level 2 of the Dungeon.
You were not hungry.

You visited 1 branch of the dungeon, and saw 2 of its levels.

You collected 23 gold pieces.

Inventory:

Hand Weapons
 a - a +0 long sword (weapon)
Armour
 b - a +0 scale mail (worn)
 c - a +0 shield (worn)
Scrolls
 i - a scroll of remove curse
Potions
 e - 3 potions of invisibility
Comestibles
 f - a bread ration
 j - 3 fruits


   Skills:
 * Level 3.7 Fighting
 * Level 2.8 Long Blades
 * Level 3.7 Armour
 * Level 0.3 Dodging
 * Level 4.3 Shields


You had 3 spell levels left.
You didn't know any spells.

Dungeon Overview and Level Annotations

Branches:
Dungeon (2/15)

Altars:

Annotations:
D:2 Robin


Innate Abilities, Weirdness & Mutations

You cannot be hasted, slowed, berserked, paralysed or teleported.
You can dig through walls and to a lower floor.
Your four strong arms can wield two-handed weapons with a shield.
You have a pair of large antennae on your head. (SInv)


Message History

You escape the ball python's grasp.
The goblin hits the plant but does no damage.
The hobgoblin hits the plant but does no damage.
Something hits the plant.
The goblin hits the plant with a club.
Something completely misses the plant.
Found 2 potions of invisibility.
You hit the ball python.
You kill the ball python!
You are starting to lose your buoyancy.
Something hits the plant but does no damage.
You feel very mighty all of a sudden.
You hear a splashing noise.
You barely miss the hobgoblin.
The goblin no longer looks unusually strong.
The goblin hits the plant but does no damage.
You block the hobgoblin's attack.
You slice the hobgoblin!!
You kill the hobgoblin!
The goblin hits you with a club!
You die...

#)#.###.... #.((.......
###.###..... #<# . #(#
#.#
######)#####.###########
........##≈P≈........!.#
#######.#PP≈≈.##........
##.≈P≈P≈P.#@#
#.PK≈P≈≈≈≈Pg#
#P≈≈♣♣♣♣♣≈.g# #Pg♣♣
♣≈≈PK# #.≈≈♣♣♣♣♣P≈.#
##≈≈♣≈P♣≈≈P.#
#.≈≈≈≈PP...#
##≈P...g..## #P.[..####


You could see Robin, 2 goblins and a kobold.

Vanquished Creatures
  An ooze (D:1)
  2 dart slugs (D:1)
  3 leopard geckos (D:1)
  6 bats (D:1)
  4 giant cockroaches (D:1)
  15 goblins
  6 hobgoblins
  2 ball pythons
  2 frilled lizards (D:1)
  3 kobolds (D:1)
  A rat (D:1)
45 creatures vanquished.

Notes
Turn   | Place    | Note
-------+----------+-------------------------------------------
     0 | D:1      | EazyBreezy the Formicid Fighter began the quest for the Orb.
     0 | D:1      | Reached XP level 1. HP: 18/18 MP: 1/1
    30 | D:1      | Reached XP level 2. HP: 16/24 MP: 2/2
   124 | D:1      | Reached XP level 3. HP: 25/29 MP: 3/3
   200 | D:1      | Reached skill level 4 in Shields
   428 | D:1      | Reached XP level 4. HP: 37/37 MP: 4/4
   551 | D:2      | Noticed Robin
   613 | D:2      | Slain by a goblin

Vault maps used:
D:1:      dpeg_arrival_court, feat_on_display
D:2:      grunt_temple_overflow_cloverleaf, kennysheep_slug_shrine,
          serial_bayou, serial_bayou_pond_d, serial_bayou_pond_c,
          serial_bayou_pond_a, serial_bayou_pond_d, kennysheep_okawaru_gauntlet,
          uniq_robin

Skill      XL: |  1  2  3 |
---------------+----------+-----
Shields        | 4 |  4.3
Fighting       | |  3.7
Long Blades    | |  2.8
Armour         | |  3.7
Dodging        | |  0.3

Action                   |  1- 3 |  4- 6 || total
-------------------------+-------+-------++-------
Melee: Long sword        |    86 |    39 ||   125
  Use: Potion            |       |     5 ||     5
       Scroll            |       |     2 ||     2
 Stab: Invisible         |       |     1 ||     1
Armor: Scale mail        |    47 |    22 ||    69
Dodge: Dodged            |    33 |    16 ||    49
Block: Shield            |    58 |    44 ||   102
       Rpst.: Long sword |     8 |     7 ||    15

Table legend:
 A = Spawn XP
 B = Non-spawn XP
 C = Spawn XP percentage of total XP
 D = Spawn monster count
 E = Non-spawn monster count
 F = Spawn count percentage of total count
 G = Total turns spent on level
                    A         B        C        D         E        F      G
               +---------+---------+-------+---------+---------+-------+---------
         Total |       0 |      91 |   0.0 |       0 |      45 |   0.0 |   613
               +---------+---------+-------+---------+---------+-------+---------
           D:1 |       0 |      69 |   0.0 |       0 |      33 |   0.0 |   533
           D:2 |       0 |      22 |   0.0 |       0 |      12 |   0.0 |    80
               +---------+---------+-------+---------+---------+-------+---------
